[Event "FICS rated blitz game"]
[Site "FICS freechess.org"]
[FICSGamesDBGameNo "20002844"]
[White "randomtask"]
[Black "locskai"]
[WhiteElo "1205"]
[BlackElo "1535"]
[WhiteRD "na"]
[BlackRD "na"]
[TimeControl "120+12"]
[Date "1999.10.20"]
[Time "15:12:00"]
[WhiteClock "0:02:00.000"]
[BlackClock "0:02:00.000"]
[ECO "D30"]
[PlyCount "82"]
[Result "0-1"]

1. d4 d5 2. c4 e6 3. a3 Nf6 4. Nc3 dxc4 5. Nf3 c5 6. e3 cxd4 7. Nxd4 Bc5 8. Bxc4 O-O 9. O-O Bxd4 10. Qxd4 Qxd4 11. exd4 Nc6 12. Be3 Ng4 13. b4 Nxe3 14. fxe3 Ne7 15. Rf3 Bd7 16. Rg3 Rfc8 17. Bb5 Rxc3 18. Bxd7 Nf5 19. Rf3 Rxe3 20. Rxe3 Nxe3 21. Ra2 Rd8 22. Ba4 Rxd4 23. Rf2 Kf8 24. Rf3 Nd5 25. Rh3 h6 26. Rf3 Ke7 27. Bb3 Rd2 28. Bxd5 Rxd5 29. Rc3 Kd7 30. Rg3 g6 31. Rf3 Rf5 32. Rxf5 gxf5 33. Kf2 e5 34. Kf3 Ke6 35. g4 f4 36. h4 f6 37. g5 fxg5 38. hxg5 hxg5 39. Kg4 Kf6 40. a4 e4 41. b5 b6 {White resigns} 0-1

[Event "FICS rated blitz game"]
[Site "FICS freechess.org"]
[FICSGamesDBGameNo "20002843"]
[White "bonesy"]
[Black "Jonar"]
[WhiteElo "1289"]
[BlackElo "1226"]
[WhiteRD "na"]
[BlackRD "na"]
[TimeControl "60+5"]
[Date "1999.10.20"]
[Time "15:01:00"]
[WhiteClock "0:01:00.000"]
[BlackClock "0:01:00.000"]
[ECO "B10"]
[PlyCount "77"]
[Result "1-0"]

1. e4 c6 2. Nf3 d5 3. e5 Bg4 4. d4 e6 5. c3 Nd7 6. Bg5 Be7 7. Bxe7 Nxe7 8. Nbd2 O-O 9. Bd3 Ng6 10. Qc2 Bxf3 11. Nxf3 Qe7 12. O-O-O c5 13. h4 c4 14. Be2 Nf4 15. h5 Nxg2 16. Rdg1 Nf4 17. Ng5 Nxe2+ 18. Qxe2 h6 19. Nf3 f6 20. Nh4 fxe5 21. Ng6 Qd6 22. Nxf8 Rxf8 23. dxe5 Nxe5 24. f4 Nd3+ 25. Kd2 Qxf4+ 26. Qe3 Qf2+ 27. Qe2 Qxe2+ 28. Kxe2 Rf2+ 29. Ke3 Rxb2 30. Rg3 Ne5 31. Rhg1 Rxa2 32. Rxg7+ Kf8 33. Rxb7 Nf7 34. Rf1 Ra3 35. Rfxf7+ Ke8 36. Rh7 Rxc3+ 37. Kd4 Rd3+ 38. Ke5 Re3+ 39. Kd6 {Black resigns} 1-0

[Event "FICS rated blitz game"]
[Site "FICS freechess.org"]
[FICSGamesDBGameNo "20002842"]
[White "marck"]
[Black "stuytown"]
[WhiteElo "1472"]
[BlackElo "1497"]
[WhiteRD "na"]
[BlackRD "na"]
[TimeControl "120+12"]
[Date "1999.10.20"]
[Time "14:54:00"]
[WhiteClock "0:02:00.000"]
[BlackClock "0:02:00.000"]
[ECO "D12"]
[PlyCount "71"]
[Result "1-0"]

1. d4 d5 2. c4 c6 3. Nc3 Bf5 4. Nf3 Nf6 5. e3 e6 6. b3 Nbd7 7. Bb2 Bb4 8. Bd3 Ne4 9. Qc2 Ndf6 10. O-O Bd6 11. c5 Bc7 12. b4 a6 13. a4 O-O 14. b5 axb5 15. axb5 Rxa1 16. Rxa1 Nxc3 17. Bxf5 Nxb5 18. Bd3 Nd7 19. Bxh7+ Kh8 20. Bd3 Nf6 21. Bxb5 cxb5 22. Qb3 Ne4 23. Qxb5 b6 24. c6 Nd6 25. Qb3 Nc4 26. Bc3 f6 27. Nd2 Qd6 28. g3 Nxd2 29. Bxd2 g5 30. Bb4 Qd8 31. Bxf8 Qxf8 32. Ra7 Qd8 33. Qa4 Qd6 34. Ra8+ Kg7 35. Rc8 Kg6 36. Qa7 {Black resigns} 1-0

[Event "FICS rated lightning game"]
[Site "FICS freechess.org"]
[FICSGamesDBGameNo "20002841"]
[White "anlu"]
[Black "Kangas"]
[WhiteElo "2081"]
[BlackElo "1594"]
[WhiteRD "na"]
[BlackRD "na"]
[TimeControl "60+0"]
[Date "1999.10.20"]
[Time "14:52:00"]
[WhiteClock "0:01:00.000"]
[BlackClock "0:01:00.000"]
[ECO "C17"]
[PlyCount "77"]
[Result "1-0"]

1. e4 e6 2. Nc3 d5 3. d4 Bb4 4. e5 c5 5. a3 cxd4 6. Qxd4 Nc6 7. Qg4 Bxc3+ 8. bxc3 Nxe5 9. Qxg7 Qf6 10. Qxf6 Nxf6 11. Bb5+ Bd7 12. Bxd7+ Kxd7 13. Ne2 Rac8 14. O-O Rhg8 15. Kh1 h5 16. Bb2 Nfg4 17. h3 Nc4 18. Bc1 Nge5 19. Nd4 Nc6 20. Nxc6 Rxc6 21. Re1 Rcc8 22. Rb1 b6 23. Rb4 Rg7 24. Ra4 a5 25. Be3 h4 26. Bxb6 Nxb6 27. Rxa5 Nc4 28. Ra7+ Rc7 29. Ra5 Rc8 30. Ra7+ Rc7 31. Ra4 Rc8 32. Rb1 Rh8 33. Rb7+ Kd6 34. Raa7 Ke5 35. Rd7 Rhg8 36. Rxf7 Rxg2 37. Rg7 R2xg7 38. f4+ Kxf4 39. Rf7+ {Black forfeits on time} 1-0

[Event "FICS rated blitz game"]
[Site "FICS freechess.org"]
[FICSGamesDBGameNo "20002839"]
[White "OorWullie"]
[Black "xxxx"]
[WhiteElo "1607"]
[BlackElo "1552"]
[WhiteRD "na"]
[BlackRD "na"]
[TimeControl "300+0"]
[Date "1999.10.20"]
[Time "14:08:00"]
[WhiteClock "0:05:00.000"]
[BlackClock "0:05:00.000"]
[ECO "D00"]
[PlyCount "121"]
[Result "1-0"]

1. d4 d5 2. Bg5 Nf6 3. Bxf6 exf6 4. e3 c5 5. Bd3 cxd4 6. exd4 Bd6 7. Nf3 O-O 8. O-O f5 9. Nbd2 Qf6 10. c3 Nc6 11. Qc2 Ne7 12. Rfe1 Ng6 13. Nf1 f4 14. Re2 Bg4 15. N1d2 Nh4 16. Bxh7+ Kh8 17. Bd3 Nxf3+ 18. Nxf3 Bxf3 19. gxf3 g6 20. Kf1 Kg7 21. Ke1 Qh4 22. Kd2 Qxh2 23. Rf1 a6 24. Kc1 b5 25. Ree1 Qh4 26. Rh1 Qf6 27. Rh2 Rh8 28. Reh1 Rxh2 29. Rxh2 b4 30. Qd1 bxc3 31. bxc3 Ba3+ 32. Kc2 Rb8 33. Qh1 Rb2+ 34. Kd1 Kf8 35. Rh8+ Ke7 36. Qh3 Qe6 37. Qh4+ Qf6 38. Re8+ Kxe8 39. Qxf6 Rxf2 40. Qc6+ Kf8 41. Qc8+ Kg7 42. Qxa6 Be7 43. Qb7 Bh4 44. Qxd5 Rh2 45. Bc4 Rh1+ 46. Kc2 Rh2+ 47. Kb3 f6 48. Qf7+ Kh6 49. Bd3 Rg2 50. d5 Be1 51. d6 Rd2 52. Be4 Rg2 53. d7 f5 54. d8=Q fxe4 55. fxe4 Kh5 56. Qh8+ Kg4 57. Qxg6+ Kf3 58. Qh3+ Ke2 59. Qgxg2+ Kd1 60. Qd3+ Kc1 61. Qgc2# {Black checkmated} 1-0

[Event "FICS rated blitz game"]
[Site "FICS freechess.org"]
[FICSGamesDBGameNo "20002838"]
[White "kusai"]
[Black "Balog"]
[WhiteElo "1239"]
[BlackElo "1441"]
[WhiteRD "na"]
[BlackRD "na"]
[TimeControl "120+12"]
[Date "1999.10.20"]
[Time "14:08:00"]
[WhiteClock "0:02:00.000"]
[BlackClock "0:02:00.000"]
[ECO "B92"]
[PlyCount "32"]
[Result "0-1"]

1. e4 c5 2. Nf3 d6 3. d4 cxd4 4. Nxd4 Nf6 5. Nc3 a6 6. Be2 e5 7. Nb3 Be7 8. Be3 O-O 9. Qd2 Be6 10. f3 b5 11. g4 Nc6 12. O-O-O Qc7 13. h4 Rfc8 14. Nd5 Bxd5 15. exd5 Nb4 16. Qxb4 Qxc2# {White checkmated} 0-1

[Event "FICS rated lightning game"]
[Site "FICS freechess.org"]
[FICSGamesDBGameNo "20002837"]
[White "acryd"]
[Black "twins"]
[WhiteElo "1673"]
[BlackElo "1314"]
[WhiteRD "na"]
[BlackRD "na"]
[TimeControl "0+1"]
[Date "1999.10.20"]
[Time "13:59:00"]
[WhiteClock "0:10.000"]
[BlackClock "0:10.000"]
[ECO "C41"]
[PlyCount "85"]
[Result "1-0"]

1. e4 e5 2. Nf3 d6 3. Bb5+ c6 4. Be2 Bg4 5. d4 Bxf3 6. Bxf3 exd4 7. Qxd4 Nf6 8. O-O Be7 9. Bg5 O-O 10. Qc3 h6 11. Bxf6 Bxf6 12. Qb3 Qc7 13. c3 Nd7 14. Nd2 Nc5 15. Qc2 a6 16. Nb3 Nxb3 17. Qxb3 b5 18. Qc2 a5 19. Rfd1 a4 20. a3 Rae8 21. Qe2 b4 22. cxb4 c5 23. Rac1 Qb6 24. bxc5 dxc5 25. Qc4 Bxb2 26. Rb1 Bxa3 27. Rxb6 Re7 28. Rf1 Bb4 29. Qb5 a3 30. Qa4 Kh7 31. Rxb4 g6 32. Rc4 a2 33. Qxa2 Rd7 34. Rxc5 h5 35. Qc2 Kg7 36. e5 Re7 37. Qe2 Rfe8 38. Re1 Kf8 39. Bc6 Rd8 40. Rd1 Rc8 41. Rd7 Rxd7 42. Bxd7 Rxc5 43. e6 {Black forfeits on time} 1-0

[Event "FICS rated blitz game"]
[Site "FICS freechess.org"]
[FICSGamesDBGameNo "20002836"]
[White "aldair"]
[Black "ischiapp"]
[WhiteElo "1698"]
[BlackElo "1675"]
[WhiteRD "na"]
[BlackRD "na"]
[TimeControl "180+0"]
[Date "1999.10.20"]
[Time "13:31:00"]
[WhiteClock "0:03:00.000"]
[BlackClock "0:03:00.000"]
[ECO "B21"]
[PlyCount "147"]
[Result "1-0"]

1. e4 c5 2. d4 cxd4 3. c3 d3 4. Bxd3 Nc6 5. Nf3 d6 6. c4 Nf6 7. Nc3 e6 8. b3 Be7 9. Bb2 a6 10. O-O Qc7 11. Qe2 O-O 12. Rac1 Bd7 13. Ng5 h6 14. Nh3 Nd4 15. Qe3 e5 16. Nd5 Nxd5 17. cxd5 Qb6 18. Bxd4 Qxd4 19. Qxd4 exd4 20. Rc7 Bxh3 21. Rxe7 Bg4 22. Rxb7 Rfc8 23. h3 Rc3 24. f3 Bxh3 25. gxh3 Rxd3 26. Rb6 Rd2 27. Rf2 Rd1+ 28. Kg2 d3 29. Rxd6 a5 30. Rc6 a4 31. b4 a3 32. b5 Rb8 33. b6 d2 34. d6 Rg1+ 35. Kxg1 d1=Q+ 36. Kg2 Qa4 37. Rfc2 Rxb6 38. d7 Rxc6 39. d8=Q+ Kh7 40. Rxc6 Qxc6 41. Qd3 Qc5 42. e5+ g6 43. f4 Kg7 44. Kg3 Qc6 45. Qxa3 Qe4 46. Qf3 Qe1+ 47. Kg2 Qd2+ 48. Qf2 Qd5+ 49. Kg3 Qc4 50. a3 Qc3+ 51. Qf3 Qe1+ 52. Kg2 Qa5 53. Qb3 Qc5 54. a4 Qc6+ 55. Kg3 Qc5 56. Qb5 Qg1+ 57. Kf3 Qh1+ 58. Ke3 Qe1+ 59. Kd4 Qg3 60. Kc5 Qf2+ 61. Kc6 Qd2 62. a5 Qc1+ 63. Kb7 Qd2 64. a6 Qd8 65. a7 Qe7+ 66. Ka6 Qd8 67. Qb6 Qe7 68. a8=Q Qa3+ 69. Kb7 Qxa8+ 70. Kxa8 g5 71. Qd8 Kg6 72. Qf6+ Kh7 73. Qxf7+ Kh8 74. e6 {Black forfeits on time} 1-0

[Event "FICS rated blitz game"]
[Site "FICS freechess.org"]
[FICSGamesDBGameNo "20002835"]
[White "grhd"]
[Black "Surok"]
[WhiteElo "1368"]
[BlackElo "1528"]
[WhiteRD "na"]
[BlackRD "na"]
[TimeControl "240+1"]
[Date "1999.10.20"]
[Time "13:11:00"]
[WhiteClock "0:04:00.000"]
[BlackClock "0:04:00.000"]
[ECO "A00"]
[PlyCount "57"]
[Result "1-0"]

1. b4 d5 2. Bb2 Bf5 3. Nf3 e6 4. e3 Bxb4 5. Bxg7 Ne7 6. Bxh8 Nbc6 7. Bb2 Qd7 8. Nd4 Nxd4 9. Bxd4 O-O-O 10. Nc3 c5 11. Bf6 d4 12. Nb5 a6 13. Bxe7 Qxe7 14. Nxd4 cxd4 15. Rb1 dxe3 16. fxe3 Bd6 17. Qe2 Qh4+ 18. g3 Bxg3+ 19. hxg3 Qxh1 20. Qc4+ Qc6 21. Qxc6+ bxc6 22. Bxa6+ Kd7 23. Rb7+ Ke8 24. Rc7 Bxc2 25. Rxc6 Bb1 26. Bb5 Kf8 27. a4 Ra8 28. g4 Bc2 29. Rxc2 {Black resigns} 1-0

[Event "FICS rated blitz game"]
[Site "FICS freechess.org"]
[FICSGamesDBGameNo "20002834"]
[White "Bulawayo"]
[Black "Pipp"]
[WhiteElo "1529"]
[BlackElo "1464"]
[WhiteRD "na"]
[BlackRD "na"]
[TimeControl "120+12"]
[Date "1999.10.20"]
[Time "13:10:00"]
[WhiteClock "0:02:00.000"]
[BlackClock "0:02:00.000"]
[ECO "A02"]
[PlyCount "91"]
[Result "1/2-1/2"]

1. f4 Nc6 2. Nf3 d5 3. e3 Bg4 4. h3 Bh5 5. g4 Bg6 6. f5 Qd6 7. Rg1 Ne5 8. Nxe5 Qxe5 9. Qf3 Nf6 10. Nc3 O-O-O 11. d4 Qd6 12. Bd3 h5 13. fxg6 hxg4 14. Bf5+ Kb8 15. Bxg4 Nxg4 16. Qxg4 Qh2 17. Bd2 Rxh3 18. O-O-O Rh4 19. Qe2 Qd6 20. gxf7 Rh6 21. e4 Rh8 22. e5 Qb6 23. Qd3 e6 24. Rg6 Rd7 25. Bg5 Rxf7 26. Rf1 Rxf1+ 27. Qxf1 Qxd4 28. Rxe6 Bb4 29. Qe1 Bxc3 30. bxc3 Qg4 31. Rg6 b6 32. e6 Re8 33. e7 Qf5 34. Rxg7 Kb7 35. Bd2 Qf6 36. Qg3 Rxe7 37. Rxe7 Qxe7 38. Kb2 Qc5 39. Qf4 Qb5+ 40. Qb4 Qe2 41. Bf4 Qf3 42. a4 c5 43. Qb5 Qxf4 44. Qd7+ Ka6 45. Qb5+ Kb7 46. Qd7+ {Game drawn by mutual agreement} 1/2-1/2

[Event "FICS rated standard game"]
[Site "FICS freechess.org"]
[FICSGamesDBGameNo "20002833"]
[White "HandsUp"]
[Black "sphinx"]
[WhiteElo "1698"]
[BlackElo "1817"]
[WhiteRD "na"]
[BlackRD "na"]
[TimeControl "900+0"]
[Date "1999.10.20"]
[Time "12:38:00"]
[WhiteClock "0:15:00.000"]
[BlackClock "0:15:00.000"]
[ECO "C02"]
[PlyCount "50"]
[Result "0-1"]

1. e4 e6 2. Nf3 c5 3. d4 d5 4. e5 Nc6 5. c3 Qb6 6. Be2 cxd4 7. cxd4 Bd7 8. O-O Nge7 9. b3 Nf5 10. Bb2 Be7 11. a4 O-O 12. Qd2 Na5 13. Bd1 Nxb3 14. Bxb3 Qxb3 15. Rc1 Rfc8 16. Rc3 Rxc3 17. Nxc3 Rc8 18. Rc1 Bb4 19. Ne1 Bxa4 20. Nd3 Bf8 21. Nxa4 Rxc1+ 22. Qxc1 Qxa4 23. Nc5 Qc6 24. Ba3 Nxd4 25. h3 Ne2+ {White resigns} 0-1

[Event "FICS rated blitz game"]
[Site "FICS freechess.org"]
[FICSGamesDBGameNo "20002832"]
[White "Belviasky"]
[Black "cokeking"]
[WhiteElo "1497"]
[BlackElo "1432"]
[WhiteRD "na"]
[BlackRD "na"]
[TimeControl "180+0"]
[Date "1999.10.20"]
[Time "11:14:00"]
[WhiteClock "0:03:00.000"]
[BlackClock "0:03:00.000"]
[ECO "C50"]
[PlyCount "44"]
[Result "0-1"]

1. e4 e5 2. Nf3 Nc6 3. Bc4 Bc5 4. Nc3 Nf6 5. d3 d6 6. Bg5 Be6 7. Qe2 O-O 8. h3 Bxc4 9. dxc4 Nd4 10. Nxd4 Bxd4 11. Qd3 Bxc3+ 12. Qxc3 Qe7 13. O-O Qe6 14. b3 Nxe4 15. Qe3 Nxg5 16. Qxg5 f5 17. Rad1 Rf6 18. Rfe1 Rg6 19. Qd2 f4 20. Re4 Qxh3 21. f3 Qxf3 22. Rf1 Qxe4 {White resigns} 0-1

[Event "FICS rated blitz game"]
[Site "FICS freechess.org"]
[FICSGamesDBGameNo "20002831"]
[White "sassyboy"]
[Black "stoneeybridge"]
[WhiteElo "933"]
[BlackElo "1341"]
[WhiteRD "na"]
[BlackRD "na"]
[TimeControl "120+12"]
[Date "1999.10.20"]
[Time "11:01:00"]
[WhiteClock "0:02:00.000"]
[BlackClock "0:02:00.000"]
[ECO "C46"]
[PlyCount "78"]
[Result "0-1"]

1. e4 e5 2. Nf3 Nc6 3. Nc3 Bc5 4. d4 exd4 5. Nxd4 Nxd4 6. b4 Bb6 7. Nd5 Nc6 8. Nxb6 axb6 9. b5 Na7 10. a4 d6 11. Qe2 Ne7 12. e5 dxe5 13. Qxe5 O-O 14. Bb2 f6 15. Qe4 Bf5 16. Bc4+ Kh8 17. Qxb7 Bxc2 18. O-O Nf5 19. Ba3 Re8 20. Qf3 Be4 21. Qf4 Nc8 22. f3 Qd4+ 23. Kh1 Qxc4 24. Rac1 Qd3 25. g4 Nfd6 26. Bxd6 Nxd6 27. fxe4 Rxe4 28. Qf3 Qxf3+ 29. Rxf3 Rae8 30. Rxc7 Re1+ 31. Kg2 R8e2+ 32. Kg3 Kg8 33. Rd7 Ne4+ 34. Kf4 Ng5 35. Rd8+ Kf7 36. Rd7+ Re7 37. Rxe7+ Rxe7 38. Rd3 Re4+ 39. Kf5 g6# {White checkmated} 0-1

[Event "FICS rated blitz game"]
[Site "FICS freechess.org"]
[FICSGamesDBGameNo "20002830"]
[White "kiwan"]
[Black "stoneeybridge"]
[WhiteElo "1344"]
[BlackElo "1348"]
[WhiteRD "na"]
[BlackRD "na"]
[TimeControl "120+12"]
[Date "1999.10.20"]
[Time "10:22:00"]
[WhiteClock "0:02:00.000"]
[BlackClock "0:02:00.000"]
[ECO "A00"]
[PlyCount "52"]
[Result "1-0"]

1. g3 d5 2. Bg2 e5 3. d3 Bg4 4. Nf3 Nc6 5. a3 Qd7 6. O-O Bh3 7. Nc3 Nf6 8. e4 Bc5 9. exd5 Bxg2 10. Kxg2 Nxd5 11. Ne4 Bb6 12. c4 Nf6 13. Bh6 Nxe4 14. Bxg7 Rg8 15. Nxe5 Nxe5 16. Bxe5 Nd6 17. Bxd6 cxd6 18. Re1+ Kf8 19. Qh5 Qc6+ 20. f3 Re8 21. Qxh7 Qc5 22. Rxe8+ Kxe8 23. Qxg8+ Kd7 24. Qxf7+ Kc6 25. Qd5+ Qxd5 26. cxd5+ Kxd5 {Black resigns} 1-0

[Event "FICS rated lightning game"]
[Site "FICS freechess.org"]
[FICSGamesDBGameNo "20002829"]
[White "ghee(FM)"]
[Black "scizzo"]
[WhiteElo "2028"]
[BlackElo "1964"]
[WhiteRD "na"]
[BlackRD "na"]
[TimeControl "120+0"]
[Date "1999.10.20"]
[Time "09:53:00"]
[WhiteClock "0:02:00.000"]
[BlackClock "0:02:00.000"]
[ECO "B49"]
[PlyCount "40"]
[Result "0-1"]

1. e4 c5 2. d4 cxd4 3. Nf3 Nc6 4. Nxd4 e6 5. Nc3 Qc7 6. Be3 a6 7. Be2 b5 8. O-O Bb7 9. Bf3 Rc8 10. Re1 b4 11. Nd5 exd5 12. exd5 Ne5 13. Bf4 d6 14. Nf5 f6 15. Nd4 Ne7 16. Bxe5 fxe5 17. Ne6 Qxc2 18. Bh5+ g6 19. Qf3 Bxd5 20. Bg4 Bxf3 {White resigns} 0-1

[Event "FICS rated blitz game"]
[Site "FICS freechess.org"]
[FICSGamesDBGameNo "20002828"]
[White "vintage"]
[Black "Gabbard"]
[WhiteElo "1314"]
[BlackElo "1570"]
[WhiteRD "na"]
[BlackRD "na"]
[TimeControl "300+0"]
[Date "1999.10.20"]
[Time "08:51:00"]
[WhiteClock "0:05:00.000"]
[BlackClock "0:05:00.000"]
[ECO "E97"]
[PlyCount "88"]
[Result "0-1"]

1. d4 Nf6 2. c4 g6 3. Nc3 Bg7 4. e4 d6 5. Nf3 O-O 6. Be2 e5 7. O-O Nc6 8. d5 Ne7 9. b4 Nd7 10. Be3 f5 11. Ng5 Nf6 12. f3 f4 13. Bf2 h6 14. Ne6 Bxe6 15. dxe6 g5 16. c5 h5 17. cxd6 cxd6 18. Nb5 Nc8 19. Bc4 Qe7 20. Nxd6 Nxd6 21. Bc5 Rfd8 22. Bb3 b6 23. Bxd6 Rxd6 24. Qc2 Rad8 25. Rac1 g4 26. Qc3 Ne8 27. fxg4 hxg4 28. Qe1 Rd2 29. Rc6 R8d6 30. Rc8 Rd8 31. Rxd8 Rxd8 32. Qe2 Nf6 33. Rc1 Rd6 34. Rc8+ Kh7 35. Qf2 Nxe4 36. Qe1 Nf6 37. Qh4+ Kg6 38. Rh8 Rd8 39. Rxd8 Qxd8 40. Bc2+ e4 41. Bxe4+ Nxe4 42. Qxd8 Bf6 43. Qg8+ Kf5 44. Qc8 Be7 {White forfeits on time} 0-1

[Event "FICS rated blitz game"]
[Site "FICS freechess.org"]
[FICSGamesDBGameNo "20002827"]
[White "elhombre"]
[Black "zvonok"]
[WhiteElo "1282"]
[BlackElo "1420"]
[WhiteRD "na"]
[BlackRD "na"]
[TimeControl "300+12"]
[Date "1999.10.20"]
[Time "08:45:00"]
[WhiteClock "0:05:00.000"]
[BlackClock "0:05:00.000"]
[ECO "C42"]
[PlyCount "83"]
[Result "1-0"]

1. e4 e5 2. Nf3 Nf6 3. Nxe5 Qe7 4. Nf3 Qxe4+ 5. Qe2 Qxe2+ 6. Bxe2 Bc5 7. O-O d6 8. b3 Bg4 9. Bb2 Nbd7 10. d3 O-O-O 11. Nbd2 Bb4 12. c3 Ba5 13. b4 Bb6 14. a4 a6 15. a5 Ba7 16. c4 h5 17. b5 axb5 18. cxb5 Bc5 19. a6 b6 20. h3 Be6 21. Ng5 Bd5 22. Nde4 Nxe4 23. dxe4 Be6 24. Bxg7 Rhg8 25. Nxe6 fxe6 26. Bc3 e5 27. Bxh5 Nf6 28. Bf3 Kb8 29. Rab1 Ka7 30. Bb4 Bd4 31. Rfc1 Rd7 32. Bc3 d5 33. Bxd4 exd4 34. exd5 Nxd5 35. Rb3 Rgg7 36. Rbb1 Nf4 37. Rd1 d3 38. Rb4 Rdf7 39. Rd4 Nxh3+ 40. Kf1 Nf4 41. Bb7 Rg5 42. Rd8 {Black resigns} 1-0

[Event "FICS rated blitz game"]
[Site "FICS freechess.org"]
[FICSGamesDBGameNo "20002825"]
[White "CCCP"]
[Black "VVU"]
[WhiteElo "1933"]
[BlackElo "1809"]
[WhiteRD "na"]
[BlackRD "na"]
[TimeControl "180+0"]
[Date "1999.10.20"]
[Time "08:05:00"]
[WhiteClock "0:03:00.000"]
[BlackClock "0:03:00.000"]
[ECO "A03"]
[PlyCount "29"]
[Result "1-0"]

1. f4 d5 2. Nf3 c5 3. e3 Nc6 4. Bb5 Bd7 5. O-O Nf6 6. Bxc6 Bxc6 7. Ne5 e6 8. Nxc6 bxc6 9. c4 d4 10. Qa4 Qb6 11. b3 Be7 12. d3 O-O 13. e4 Rfc8 14. Bd2 Rd8 15. Ba5 {Black resigns} 1-0

[Event "FICS rated blitz game"]
[Site "FICS freechess.org"]
[FICSGamesDBGameNo "20002824"]
[White "OOven"]
[Black "chrisbee"]
[WhiteElo "1822"]
[BlackElo "1645"]
[WhiteRD "na"]
[BlackRD "na"]
[TimeControl "300+0"]
[Date "1999.10.20"]
[Time "04:49:00"]
[WhiteClock "0:05:00.000"]
[BlackClock "0:05:00.000"]
[ECO "C02"]
[PlyCount "96"]
[Result "0-1"]

1. e4 e6 2. d4 d5 3. e5 c5 4. c3 Nc6 5. Nf3 cxd4 6. cxd4 Qb6 7. Bd3 Bb4+ 8. Bd2 Nxd4 9. Nxd4 Qxd4 10. Bxb4 Qxb4+ 11. Qd2 Qxd2+ 12. Nxd2 Ne7 13. Bb5+ Bd7 14. Bxd7+ Kxd7 15. O-O Rac8 16. Rfc1 Rc6 17. f4 Rhc8 18. Nb3 Rxc1+ 19. Rxc1 Rxc1+ 20. Nxc1 Nc6 21. Nb3 b6 22. a3 Na5 23. Nd4 Nc4 24. Nb5 a6 25. Nc3 Nxb2 26. Kf2 Nc4 27. a4 Na3 28. Ke2 b5 29. axb5 Nxb5 30. Na4 Kc6 31. Kd3 f6 32. exf6 gxf6 33. g4 e5 34. fxe5 fxe5 35. h4 e4+ 36. Ke3 Nd6 37. h5 h6 38. Kf4 Kb5 39. Nc3+ Kc4 40. Ne2 d4 41. Ke5 d3 42. Nf4 d2 43. Nd5 Kb3 44. Ne3 Nc4+ 45. Nxc4 Kxc4 46. g5 hxg5 47. h6 d1=Q 48. h7 Qh1 {White resigns} 0-1

[Event "FICS rated blitz game"]
[Site "FICS freechess.org"]
[FICSGamesDBGameNo "20002823"]
[White "jaminski"]
[Black "Enrykov"]
[WhiteElo "1389"]
[BlackElo "1529"]
[WhiteRD "na"]
[BlackRD "na"]
[TimeControl "300+0"]
[Date "1999.10.20"]
[Time "04:47:00"]
[WhiteClock "0:05:00.000"]
[BlackClock "0:05:00.000"]
[ECO "B10"]
[PlyCount "68"]
[Result "0-1"]

1. e4 d5 2. exd5 Nf6 3. c4 c6 4. Nc3 cxd5 5. cxd5 Nxd5 6. Bc4 e6 7. Nf3 Be7 8. O-O O-O 9. d4 Nb6 10. Bd3 Nc6 11. a3 Re8 12. Bf4 Bf6 13. Nb5 Nd5 14. Bd2 Nxd4 15. Nbxd4 Bxd4 16. Nxd4 Nf6 17. Bg5 h6 18. Bxf6 Qxf6 19. Rc1 Rd8 20. Nf3 Bd7 21. Qc2 Rac8 22. Qb3 Bc6 23. Bb1 Bd5 24. Qc2 Rxc2 25. Rxc2 Be4 26. Rc7 Bxf3 27. gxf3 Qxf3 28. Rfc1 g6 29. Rc8 Rxc8 30. Rxc8+ Kg7 31. Rc7 Qg4+ 32. Kf1 Qd1+ 33. Kg2 Qxb1 34. Rxb7 Qe4+ {White resigns} 0-1

[Event "FICS rated blitz game"]
[Site "FICS freechess.org"]
[FICSGamesDBGameNo "20002822"]
[White "tbd"]
[Black "brettski"]
[WhiteElo "1385"]
[BlackElo "1444"]
[WhiteRD "na"]
[BlackRD "na"]
[TimeControl "120+5"]
[Date "1999.10.20"]
[Time "04:37:00"]
[WhiteClock "0:02:00.000"]
[BlackClock "0:02:00.000"]
[ECO "B40"]
[PlyCount "93"]
[Result "1-0"]

1. e4 c5 2. Nf3 e6 3. Nc3 a6 4. d3 Nc6 5. g3 d5 6. Bg2 d4 7. Ne2 e5 8. O-O Bd6 9. c3 Nge7 10. Qa4 Bd7 11. Qb3 Qc7 12. cxd4 cxd4 13. Bd2 O-O 14. Rac1 Be6 15. Qd1 Qd7 16. Ng5 Bg4 17. h3 Bh5 18. f4 h6 19. Nf3 Bxf3 20. Rxf3 f5 21. Rf1 Qe6 22. a3 Qg6 23. fxe5 Nxe5 24. Be1 Qh5 25. Nf4 Qxd1 26. Rxd1 fxe4 27. Bxe4 Rac8 28. Bxb7 Rc2 29. Bxa6 g5 30. Bc4+ Kg7 31. Ne6+ Kg6 32. Nxf8+ Kg7 33. Ne6+ Kg6 34. Bb4 Nxc4 35. dxc4 Bxb4 36. axb4 Rxc4 37. g4 Rxb4 38. Nxd4 Rxb2 39. Nf5 Nxf5 40. gxf5+ Kh5 41. Rd4 Rb3 42. Kh2 Rb2+ 43. Kg3 Rb3+ 44. Rf3 Rb1 45. Kg2 Rb2+ 46. Rf2 Rb3 47. f6 {Black resigns} 1-0

[Event "FICS rated blitz game"]
[Site "FICS freechess.org"]
[FICSGamesDBGameNo "20002821"]
[White "sanjiv"]
[Black "RavenDark"]
[WhiteElo "993"]
[BlackElo "1499"]
[WhiteRD "na"]
[BlackRD "na"]
[TimeControl "240+7"]
[Date "1999.10.20"]
[Time "03:54:00"]
[WhiteClock "0:04:00.000"]
[BlackClock "0:04:00.000"]
[ECO "D53"]
[PlyCount "71"]
[Result "1-0"]

1. d4 d5 2. c4 e6 3. Nc3 Nf6 4. Bg5 Be7 5. Bxf6 Bxf6 6. cxd5 exd5 7. Nf3 O-O 8. g3 Nc6 9. Bg2 Qd6 10. O-O Qb4 11. a3 Qxb2 12. Na4 Qb5 13. Rb1 Qa6 14. Nc5 Qxa3 15. e3 b6 16. Nb3 Ba6 17. Re1 Rfe8 18. Ra1 Qb4 19. Rxa6 Nb8 20. Ra1 Nd7 21. Rb1 c5 22. Na1 Qa5 23. Nb3 Qa6 24. dxc5 bxc5 25. Qxd5 Nb6 26. Qxc5 Rac8 27. Qd6 Red8 28. Qf4 Nd5 29. Qf5 Nc3 30. Ra1 Ne2+ 31. Kh1 Bxa1 32. Rxa1 Qxa1+ 33. Nxa1 Rd1+ 34. Bf1 Rxf1+ 35. Kg2 Rxa1 36. Qxc8# {Black checkmated} 1-0

[Event "FICS rated blitz game"]
[Site "FICS freechess.org"]
[FICSGamesDBGameNo "20002820"]
[White "ardiat"]
[Black "ccortese"]
[WhiteElo "1320"]
[BlackElo "1344"]
[WhiteRD "na"]
[BlackRD "na"]
[TimeControl "120+15"]
[Date "1999.10.19"]
[Time "21:50:00"]
[WhiteClock "0:02:00.000"]
[BlackClock "0:02:00.000"]
[ECO "B80"]
[PlyCount "105"]
[Result "1-0"]

1. e4 c5 2. Nf3 d6 3. d4 cxd4 4. Nxd4 Nf6 5. Nc3 a6 6. f3 e6 7. Be3 b5 8. a3 Bb7 9. Bd3 Nc6 10. Qd2 Ne5 11. Be2 d5 12. f4 Nc4 13. Bxc4 bxc4 14. e5 Ng4 15. O-O Qh4 16. h3 Nxe3 17. Qxe3 Bc5 18. Nce2 O-O 19. Rf3 Rfb8 20. Rg3 Bc6 21. Rg4 Qe7 22. Kh1 Be8 23. Qg3 f6 24. exf6 Qxf6 25. Qc3 Bh5 26. Rg3 Bxe2 27. Nxe2 Qxc3 28. bxc3 Rb2 29. Nd4 Bxd4 30. cxd4 Rxc2 31. Re1 Kf7 32. Rb1 c3 33. Rb7+ Kf6 34. Rgxg7 Rc1+ 35. Kh2 Kf5 36. Rxh7 c2 37. Rhc7 Kxf4 38. Rb2 Ke4 39. Rcxc2 Rxc2 40. Rxc2 Kxd4 41. g4 Kd3 42. Ra2 e5 43. h4 e4 44. h5 e3 45. Kg2 d4 46. a4 Ke4 47. Kf1 Kf4 48. Rg2 d3 49. g5 d2 50. Ke2 Rg8 51. g6 a5 52. g7 Kf5 53. h6 {Black resigns} 1-0

[Event "FICS rated blitz game"]
[Site "FICS freechess.org"]
[FICSGamesDBGameNo "20002819"]
[White "rpmcmurphy"]
[Black "hit"]
[WhiteElo "1267"]
[BlackElo "1349"]
[WhiteRD "na"]
[BlackRD "na"]
[TimeControl "300+0"]
[Date "1999.10.19"]
[Time "20:59:00"]
[WhiteClock "0:05:00.000"]
[BlackClock "0:05:00.000"]
[ECO "C45"]
[PlyCount "26"]
[Result "1-0"]

1. e4 e5 2. Nf3 Nc6 3. d4 exd4 4. Nxd4 Nxd4 5. Qxd4 c5 6. Qd5 Nf6 7. Qe5+ Qe7 8. Qc7 Qxe4+ 9. Be3 Qxc2 10. Nd2 Qxb2 11. Nb3 Qc3+ 12. Bd2 Qd3 13. Bxd3 Be7 {Black resigns} 1-0